 Dungeon Crawl Stone Soup version 0.26.1-2-gb8aa6d0cf2 (webtiles) character file.

Game seed: 13365569383476583369

26 DearestLeader the Chiller (level 3, 0/24 HPs)
             Began as a Merfolk Ice Elementalist on Mar 24, 2021.
             Killed from afar by Sigmund (10 damage)
             ... with a magic dart
             ... on level 2 of the Dungeon.
             The game lasted 00:02:36 (1161 turns).

DearestLeader the Chiller (MfIE)                    Turns: 1161, Time: 00:02:36

Health: 0/24       AC:  2    Str: 20    XL:     3   Next: 8%
Magic:  6/6        EV: 13    Int: 15    God:
Gold:   36         SH:  0    Dex: 14    Spells: 2/6 levels left

rFire    . . .     SeeInvis .   n - +0 hunting sling
rCold    . . .     Faith    .   (no shield)
rNeg     . . .     Spirit   .   a - +0 robe
rPois    .         Reflect  .   (no helmet)
rElec    .         Harm     .   (no cloak)
rCorr    .         Rampage  .   (no gloves)
Will     .....                  (no boots)
Stlth    +.........             b - amulet of magic regeneration
HPRegen  0.08/turn              h - +6 ring of strength
MPRegen  0.35/turn              i - +6 ring of strength

@: confused
A: change form in water, swift swim, stealthy swim
a: no special abilities


You were on level 2 of the Dungeon.
You visited 1 branch of the dungeon, and saw 2 of its levels.

You collected 36 gold pieces.

Inventory:

Hand Weapons
 c - a +0 dagger
 n - a +0 hunting sling (weapon)
Missiles
 j - 51 sling bullets (quivered ammo)
Armour
 a - a +0 robe (worn)
Jewellery
 b - an amulet of magic regeneration (around neck)
 h - a +6 ring of strength (left hand)
 i - a +6 ring of strength (right hand)
Scrolls
 d - a scroll of noise {unknown}
 e - 2 scrolls of remove curse {unknown}
 l - 3 scrolls of identify {unknown}
Potions
 f - 2 potions of curing {unknown}
 g - a potion of haste {unknown}
 k - 2 potions of heal wounds
 m - a potion of invisibility {unknown}


   Skills:
 - Level 2.6 Dodging
 - Level 2.1 Stealth
 - Level 2.0 Spellcasting
 * Level 5.4 Ice Magic


You had 2 spell levels left.
You knew the following spells:

 Your Spells              Type           Power        Failure   Level
a - Freeze                Ice            68%          2%          1
b - Frozen Ramparts       Ice            34%          7%          3

Your spell library contained the following spells:

 Spells                   Type           Power        Failure   Level
 Ozocubu's Armour         Ice            17%          7%          3
 Hailstorm                Conj/Ice       9%           58%         4
 Summon Ice Beast         Ice/Summ       9%           58%         4


Dungeon Overview and Level Annotations

Branches:
Dungeon (2/15)

Altars:
Yredelemnul

Annotations:
D:2 Sigmund


Message History

Sigmund casts a spell at you.
You are confused.
Non-targeted confused fire: 52 sling bullets
Press: ? - help, Q - select action, (/) - cycle Dir - look around, f - activate You shoot a sling bullet.
The wall freezes Sigmund.
Sigmund drinks a potion.
Sigmund is healed!
An adder comes into view.
Unknown command.
The adder hisses angrily.
The wall freezes Sigmund.
Sigmund hits you from afar with a +0 scythe!
The wall freezes Sigmund.
Sigmund closely misses you.
The frozen ramparts melt away.
Sigmund gestures at you while chanting. You resist with significant effort.
You're too confused to cast spells.
The adder barely misses you. Sigmund casts a spell at you.
The magic dart hits you!
You die...

##.#...####.
#...........
#.P.P.......
#.._........
#.P.P....... #..@..#
##†#### #. ####(###
#.# #..@...# #.#
#...S..# #.#######
#......# #.#......
#..>...# #........
#......# #........
#......#####........
#............#'#####
#......#######.#
######## #.#


You could see Sigmund and an adder.

Vanquished Creatures
  A giant cockroach (D:1)
  2 goblins (D:1)
  A hobgoblin (D:1)
  4 jackals (D:1)
  2 kobolds (D:1)
  A ball python (D:2)
  5 bats (D:1)
  6 frilled lizards (D:1)
  2 rats (D:1)
24 creatures vanquished.

Notes
Turn   | Place    | Note
-------+----------+-------------------------------------------
     0 | D:1      | DearestLeader the Merfolk Ice Elementalist began the quest
                  | for the Orb.
     0 | D:1      | Reached XP level 1. HP: 13/13 MP: 3/3
   363 | D:1      | Reached XP level 2. HP: 16/19 MP: 3/5
   372 | D:1      | Reached skill level 5 in Ice Magic
   908 | D:1      | Reached XP level 3. HP: 24/24 MP: 6/6
   912 | D:1      | Learned a level 3 spell: Frozen Ramparts
  1140 | D:2      | Found a basalt altar of Yredelemnul.
  1144 | D:2      | Noticed Sigmund
  1161 | D:2      | Killed from afar by Sigmund

Illustrated notes

Levels and vault maps discovered:
D:1:      scummos_arrival_star, layout_loops_cross, minmay_tetromino_o2
D:2:      layout_basic, tso_altar, yredelemnul_altar_generic, lemuel_tele_altar,
          uniq_sigmund

Skill      XL: |  1  2 |
---------------+-------+-----
Ice Magic      | 5 |  5.4
Dodging        | |  2.6
Stealth        | |  2.1
Spellcasting   | |  2.0

Action                   || total
-------------------------++-------
Melee: Dagger            ||    34
 Fire: Hunting sling     ||     2
 Cast: Freeze            ||    24
       Frozen Ramparts   ||     1
 Stab: Sleeping          ||     4
Armor: Robe              ||    14
Dodge: Dodged            ||    56
